Description

Generated with CarbonTwelve's Starcraft Fusion.

It may be efficient to attack two bases simultaneously. For example, the drop is made on the natural base, and the hellions break into the second base. I usually attack the second base with the hellions once the opponent sends his forces to defend his natural one.

Build Order

Get SALT Encoding   

  13  0:02  SCV  
  14  0:14  SCV  
  14  0:17  Supply Depot  
  15  0:27  SCV  
  16  0:39  SCV, Barracks  
  16  0:44  Refinery  
  17  0:51  SCV  
  17  0:59  Barracks  
  18  1:04  SCV  
  18  1:06  Action (Move SCVs to Gas)  
  19  1:16  SCV  
  21  1:28  SCV, Reaper  
  22  1:46  Orbital Command, Marine  
  22  1:47  Supply Depot  
  23  2:01  Marine  
  23  2:08  Command Center  
  24  2:11  SCV, Action (Call MULE)  
  24  2:20  Factory  
  25  2:24  SCV  
  26  2:36  Refinery, Barracks Tech Lab, SCV  
  27  2:48  Barracks, SCV  
  27  2:58  Action (Move SCVs to Gas)  
  28  3:01  SCV, Stimpack  
  28  3:10  Command Center  
  28  3:17  Action (Call MULE)  
  28  3:21  Starport  
  28  3:26  Factory Reactor  
  30  3:28  SCV x2  
  32  3:31  Marine x2  
  32  3:41  Orbital Command  
  33  3:43  Marine  
  35  3:50  Marine x2  
  40  4:02  Hellion x2, Marine  
  42  4:06  Medivac, Action (Call MULE)  
  44  4:08  Marine  
  45  4:20  Marine, Armory  
  45  4:22  Action (Call MULE)  
  49  4:24  Hellion x2  
  49  4:26  Supply Depot  
  51  4:29  Marine x2  
  52  4:31  SCV  
  55  4:37  SCV, Medivac  
  56  4:39  Marine  
  60  4:45  Hellion x2  
  62  4:48  Marine x2  
  64  4:52  SCV x3  
Spawning Tool Build Advisor. Get it on Overwolf

Analysis

What we must have by 5:10 is as follows.

Income: 1311M 228G

Buildings: 3 Command Centers (including 2 Orbital Commands), 2 Refineries, 3 Barracks (with 1 Tech Lab), 1 Factory (with Reactor), 1 Starport, 1 Armory.

Units: 32 SCVs, 16 Marines, 2 Medivacs, 6 Hellions, 1 Reaper.

Research: Stimpack (completed).

Go to:

Details

  • Created by: Turir
  • Published on: Feb 14, 2017
  • Modified on: Feb 21, 2017
  • Patch: 3.8.0
Show
View Real Time Build Order
Export as new Build Order

Comments (1)

On Feb. 26, 2017, 3:36 a.m., HiBye  said:

it is impossible. replay is necessary. there isn't enough minerals on 3rd rax, 3rd CC.

Create an account to comment!